 Dungeon Crawl Stone Soup version 0.27.1-33-g824d729ab1 (webtiles) character file.

Game seed: 5460297954566989397

5838 Skeith09 the Thaumaturge (level 11, -7/74 HPs)
             Began as a Djinni Fire Elementalist on Dec 13, 2021.
             Was an Elder of Wu Jian.
             Mangled by a +0 trident of chaos (12 damage)
             ... on level 9 of the Dungeon.
             The game lasted 00:37:13 (11007 turns).

Skeith09 the Thaumaturge (DjFE)                    Turns: 11007, Time: 00:37:13

Health: -7/74      AC: 12    Str:  8    XL:     11   Next: 7%
Gold:   502        EV: 22    Int: 19    God:    Wu Jian [****..] SH:  0 Dex: 14

rFire    . . .     SeeInvis .   (weapon currently unavailable)
rCold    . . .     Faith    .   (shield currently unavailable)
rNeg     + + +     Spirit   .   (armour currently unavailable)
rPois    ∞         Reflect  .   (helmet currently unavailable)
rElec    .         Harm     .   (cloak currently unavailable)
rCorr    .         Rampage  .   (gloves currently unavailable)
Will     +....                  (boots unavailable)
Stlth    +++.......             d - amulet of regeneration
HPRegen  1.22/turn              (no ring)
MPRegen  0.00/turn              (no ring)

@: fungus-form, flying
A: melee confuse, terrified, flying, no casting, sickness immunity, tiny, (fire
resistance 2), (cold vulnerability 1), float, innate caster, hp casting, extra
vitality 1
a: Renounce Religion, Wall Jump, Serpent's Lash


You were on level 9 of the Dungeon.
You worshipped Wu Jian.
Wu Jian was greatly pleased with you.
You were a sentient fungus.
You visited 1 branch of the dungeon, and saw 9 of its levels.

You collected 502 gold pieces.

Inventory:

Hand Weapons
 c - a +7 whip of draining (melded)
 i - a +3 scythe of venom
Missiles
 t - a throwing net
Armour
 a - a +0 robe (melded)
Magical Staves
 f - a staff of conjuration
Jewellery
 d - an amulet of regeneration (around neck)
 o - a ring of resist corrosion
 s - a +4 ring of slaying
 v - a +4 ring of evasion
Wands
 g - a wand of digging (8)
 l - a wand of acid (5)
 n - a wand of flame (56)
 r - a wand of polymorph (9)
Scrolls
 p - a scroll of amnesia
 q - 3 scrolls of identify
Potions
 b - 2 potions of curing
 e - 3 potions of might
 h - 3 potions of lignification
 k - a potion of ambrosia {unknown}
 m - 2 potions of resistance {unknown}
 u - a potion of attraction {unknown}


   Skills:
 + Level 4.8 Fighting
 + Level 4.7 Maces & Flails
 + Level 6.2 Dodging
 + Level 4.3 Stealth
 * Level 9.6 Spellcasting


You couldn't memorise any spells.
You knew the following spells:

 Your Spells              Type           Power      Damage    Failure   Level
a - Foxfire               Conj/Fire      100%       2x1d9     1%          1
b - Conjure Flame         Conj/Fire      45%        6-21      1%          3
c - Inner Flame           Hex/Fire       45%        N/A       1%          3
d - Sticky Flame          Conj/Fire      45%        2d6       1%          4
e - Fireball              Conj/Fire      22%        3d10      4%          5
f - Magic Dart            Conj           100%       1d8       1%          1
g - Corpse Rot            Necr/Air       N/A        N/A       1%          2
h - Teleport Other        Tloc           45%        N/A       1%          3
i - Call Canine Familiar  Summ           45%        N/A       1%          3
j - Iskenderun's Battles  Conj           45%        2d10      4%          5
Your spell library was empty.

Dungeon Overview and Level Annotations

Branches:
Dungeon (9/15)             Temple (0/1) D:7
   Lair: D:8-11         Orc: D:9-12

Altars:
Dithmenos
Qazlal
Sif Muna
Uskayaw
Vehumet
Wu Jian
Xom
Yredelemnul
Zin
The Shining One

Shops:
D:3 !   D:5 *   D:8 *

Annotations:
D:9 2 runed translucent doors, pkoi's ghost, novice TrTm


Innate Abilities, Weirdness & Mutations

You are a sentient fungus.
You are tiny and evasive.
Your melee attack releases spores that confuse breathing creatures.
You become terrified and freeze when enemies are visible.
You are flying.
Your armour is entirely melded.
You are incapable of wielding weapons or throwing items.
You cannot cast spells.
You are immune to sickness and miasma.
You are immune to poison.
((Your flesh is very heat resistant. (rF++)))
((You are vulnerable to cold. (rC-)))
You float through the air rather than walking.
You learn spells naturally, not from books.
Your magical power is your life essence.
You have superior vitality. (+4 HP)


Message History

You imbue your battlesphere with additional charge.
The +0 trident of chaos hits you from afar!
The +0 trident of chaos freezes you.
Casting: Iskenderun's Battlesphere (dangerous; 4% risk of failure)
Confirm with . or Enter, or press ? or * to list all spells.
You imbue your battlesphere with additional charge.
The +0 trident of chaos hits you from afar.
Pkoi's ghost hits you.
The +0 trident of chaos closely misses you.
You feel much better.
The +0 trident of chaos hits you from afar!!
You turn into a sentient fungus.
Your +7 whip of draining melds into your body.
Your +0 robe melds into your body.
Pkoi's ghost closely misses you.
You're too terrified to move while being watched!
Okay, then.
As you read the scroll labelled JORUDUI DYDENU, it crumbles to dust.
It is a scroll of amnesia.
You feel forgetful for a moment.
The +0 trident of chaos hits you from afar!
Pkoi's ghost closely misses you.
The +0 trident of chaos hits you but does no damage.
Unknown command.
You barely miss pkoi's ghost.
The +0 trident of chaos hits you but does no damage.
Pkoi's ghost hits you but does no damage.
You barely miss pkoi's ghost.
The +0 trident of chaos hits you from afar.
The +0 trident of chaos burns you.
You release spores at pkoi's ghost.
Pkoi's ghost is lightly damaged.
The +0 trident of chaos hits you from afar.
Pkoi's ghost hits you!!
* * * LOW HITPOINT WARNING * * *
You feel better.
The +0 trident of chaos hits you but does no damage.
Pkoi's ghost hits you!
* * * LOW HITPOINT WARNING * * *
The +0 trident of chaos hits you from afar!
You die...

##.# #._$##.## #.##.
#.####'##...######.##.
#.##.....#............
#.####.###.#######.### ####
#.##........## #.## ...#
######.##.........#####..# .#.#
#........(.).............#
.#.####.####.##*W.......######.#
..............#.f......#### #.#
........####.....>###.....# #.#
.#..#.### #.(###########.####.#
.#..#.# #...................#
.#..#.# ##############.####.#
.#....# #.# #[# ......## #.# #.#
.......# ########.# ##.#
#.....## #........# #..#


You could see a +0 trident of chaos, pkoi's ghost and a friendly battlesphere.

Vanquished Creatures
  Harold (D:8)
  2 two-headed ogres
  A troll (D:9)
  Sigmund (D:2)
  A wyvern (D:8)
  2 steam dragons
  Menkaure (D:6)
  Duvessa (D:4)
  A water moccasin (D:6)
  2 orc warriors
  An ice beast (D:7)
  3 sky beasts
  3 ogres
  A centaur (D:7)
  4 kobold brigands
  A bullfrog (D:8)
  3 scorpions
  Dowan (D:4)
  4 wights (D:8)
  An electric eel (D:6)
  3 centaur zombies
  A bullfrog zombie (D:4)
  7 hounds
  An orc priest (D:8)
  Jessica (D:3)
  4 iguanas
  Ijyb (D:4)
  Terence (D:3)
  3 orc wizards
  A killer bee zombie (D:8)
  3 hound zombies (D:4)
  A hound skeleton (D:5)
  2 howler monkey zombies (D:7)
  Robin (D:3)
  4 gnolls (D:4)
  11 adders
  A white imp (D:7)
  An ufetubus (D:6)
  An adder zombie (D:4)
  A dart slug (D:3)
  18 orcs
  4 ball pythons
  3 endoplasms
  A giant cockroach (D:3)
  17 goblins
  11 hobgoblins
  4 jackals
  24 kobolds
  3 quokkas
  6 bats
  5 frilled lizards
  4 rats
184 creatures vanquished.

Vanquished Creatures (collateral kills)
  A phantom (D:6)
  2 hounds (D:6)
  An orc priest (D:8)
  A white imp (D:8)
  A kobold (D:8)
6 creatures vanquished.

Vanquished Creatures (others)
  365 foxfires
  53 plants (D:6)
418 creatures vanquished.

Grand Total: 608 creatures vanquished

Notes
Turn   | Place    | Note
-------+----------+-------------------------------------------
     0 | D:1      | Skeith09 the Djinni Fire Elementalist began the quest for
                  | the Orb.
     0 | D:1      | Reached XP level 1. HP: 15/15 MP: 0/0
   339 | D:1      | Reached XP level 2. HP: 19/21 MP: 0/0
   690 | D:1      | Reached skill level 3 in Spellcasting
   957 | D:1      | Reached XP level 3. HP: 23/25 MP: 0/0
   957 | D:1      | Learned a level 1 spell: Magic Dart
  1996 | D:2      | Noticed Sigmund
  2188 | D:2      | Reached XP level 4. HP: 31/31 MP: 0/0
  2323 | D:2      | Found a faded altar of an unknown god.
  2336 | D:2      | Became a worshipper of the Wu Jian Council
  2336 | D:2      | Reached * piety under Wu Jian
  2544 | D:2      | Killed Sigmund
  2545 | D:2      | Reached skill level 4 in Spellcasting
  2545 | D:2      | Reached XP level 5. HP: 25/36 MP: 0/0
  2545 | D:2      | Learned a level 2 spell: Corpse Rot
  2545 | D:2      | Reached XP level 6. HP: 28/41 MP: 0/0
  2902 | D:3      | Found a hide-covered altar of Uskayaw.
  3211 | D:3      | Noticed Jessica
  3216 | D:3      | Killed Jessica
  3427 | D:3      | Noticed Robin
  3449 | D:3      | Killed Robin
  3517 | D:3      | Noticed Terence
  3537 | D:3      | Killed Terence
  3745 | D:3      | Reached ** piety under Wu Jian
  3916 | D:3      | Found a glowing silver altar of Zin.
  3959 | D:3      | Found a glowing golden altar of the Shining One.
  4130 | D:3      | Found Fyjataips's Distillery.
  4420 | D:4      | Noticed a steam dragon
  4428 | D:4      | Killed a steam dragon
  4429 | D:4      | Reached skill level 5 in Spellcasting
  4429 | D:4      | Reached XP level 7. HP: 5/46 MP: 0/0
  4429 | D:4      | Learned a level 3 spell: Teleport Other
  4788 | D:4      | Reached skill level 1 in Fighting
  4869 | D:4      | Noticed Dowan
  4872 | D:4      | Noticed Duvessa
  4883 | D:4      | Killed Duvessa
  4887 | D:4      | Killed Dowan
  5113 | D:4      | Noticed Ijyb
  5124 | D:4      | Killed Ijyb
  5125 | D:4      | Reached skill level 6 in Spellcasting
  5321 | D:4      | Reached XP level 8. HP: 47/52 MP: 0/0
  5948 | D:4      | Found a basalt altar of Yredelemnul.
  6037 | D:5      | Entered Level 5 of the Dungeon
  6859 | D:5      | Reached skill level 1 in Maces & Flails
  6941 | D:5      | Found Nejeaff's Lightly-Used Armoury.
  7293 | D:6      | Reached skill level 7 in Spellcasting
  7510 | D:6      | Reached XP level 9. HP: 40/58 MP: 0/0
  7510 | D:6      | Learned a level 3 spell: Call Canine Familiar
  7808 | D:6      | Found a shimmering altar of Xom.
  7932 | D:6      | Noticed Menkaure
  7938 | D:6      | Killed Menkaure
  8377 | D:7      | Reached *** piety under Wu Jian
  8505 | D:7      | Found a staircase to the Ecumenical Temple.
  8691 | D:7      | Reached skill level 5 in Dodging
  8821 | D:7      | Reached skill level 8 in Spellcasting
  9265 | D:8      | Reached XP level 10. HP: 61/67 MP: 0/0
  9773 | D:8      | Noticed Harold
  9833 | D:8      | Killed Harold
  9834 | D:8      | Noticed a two-headed ogre
  9866 | D:8      | Killed a two-headed ogre
  9866 | D:8      | Reached **** piety under Wu Jian
  9867 | D:8      | Reached skill level 9 in Spellcasting
 10129 | D:8      | Found Laqe's General Store.
 10189 | D:8      | Found a shadowy altar of Dithmenos.
 10397 | D:9      | Found a large runed translucent door.
 10398 | D:9      | Found a large runed translucent door.
 10466 | D:9      | Found a runed translucent door.
 10471 | D:9      | Found a shimmering altar of Xom.
 10471 | D:9      | Noticed pkoi's ghost (novice TrTm)
 10471 | D:9      | Noticed a +0 trident of chaos
 10538 | D:9      | Identified the +7 chain mail of Resonance {rC+ Stlth+}
 10601 | D:9      | Found a stormy altar of Qazlal.
 10734 | D:9      | Found an ornate altar of the Wu Jian Council.
 10925 | D:9      | Noticed a two-headed ogre
 10984 | D:9      | Killed a two-headed ogre
 10985 | D:9      | Reached XP level 11. HP: 74/74 MP: 0/0
 10985 | D:9      | Learned a level 5 spell: Iskenderun's Battlesphere
 11007 | D:9      | Mangled by a +0 trident of chaos

Illustrated notes

Levels and vault maps discovered:
D:1:      dpeg_arrival_rooms_c, layout_loops_corners
D:2:      layout_basic, ebering_ecumenical_altar_box, uniq_sigmund
D:3:      layout_basic, zin_academy, nicolae_overflow_hidden_temple,
          mainiacjoe_overflow_cross_hatched, serial_aquarium,
          aquarium_bridge_island_large [aquarium_subvault_large_open,
          aquarium_subvault_bridge, aquarium_subvault_bridge,
          aquarium_subvault_wall, aquarium_subvault_bridge],
          aquarium_bridge_square [aquarium_subvault_bridge,
          aquarium_subvault_bridge, aquarium_subvault_window,
          aquarium_subvault_bridge], aquarium_window_fake, aquarium_window_1,
          aquarium_window_1, aquarium_window_corridor_3, aquarium_view_2e,
          aquarium_pool_double, serial_shops, nicolae_shop_stone,
          minmay_misc_feat_roman, uniq_jessica, uniq_robin, uniq_terence
D:4:      layout_rooms, nicolae_yredelemnul_corpse_copse, uniq_duvessa,
          uniq_ijyb
D:5:      layout_loops_cross, chequers_serial_rivers_micro_d,
          corexii_hall_statues_i, grunt_ministairs_13, dk_noncrumbling_4,
          minmay_shop_damaged
D:6:      layout_loops_ring, mainiacjoe_overflow_six_doors_small, serial_bayou,
          serial_bayou_crossing, serial_bayou_pond_a, serial_bayou_shore_a,
          serial_bayou_lagoon_a, uniq_menkaure
D:7:      layout_loops_cross, temple_pool_b
D:8:      layout_basic, mainiacjoe_overflow_alcove_4, vehumet_altar_wand_db,
          serial_shops, nicolae_shop_behind_doors, uniq_harold
D:9:      layout_loops_ring, overflow_temple_1_default, jmf_multi_god_temple2,
          nicolae_wu_jian_immortal_techniques, ebering_ghost_xom

Skill      XL: |  1  2  3  4  5  6  7  8  9 10 |
---------------+-------------------------------+-----
Spellcasting   | 3 4 5 6 7 8 9 |  9.6
Stealth        | 2 3 4 |  4.3
Dodging        | 3 4 5 6 |  6.2
Fighting       | 1 2 3 4 |  4.8
Maces & Flails | 1 3 4 |  4.7

Action                   |  1- 3 |  4- 6 |  7- 9 | 10-12 || total
-------------------------+-------+-------+-------+-------++-------
Melee: Unarmed           |     2 |       |       |     3 ||     5
       Scythe            |       |     4 |       |       ||     4
       Whip              |       |     2 |   128 |    67 ||   197
 Cast: Foxfire           |    64 |    63 |    75 |    36 ||   238
       Conjure Flame     |     7 |       |       |       ||     7
       Magic Dart        |       |    16 |    49 |       ||    65
       Sticky Flame      |       |     3 |    17 |     7 ||    27
       Corpse Rot        |       |     1 |       |       ||     1
       Teleport Other    |       |       |     3 |     3 ||     6
       Fireball          |       |       |     7 |     3 ||    10
       Call Canine Famil |       |       |     2 |     2 ||     4
       Iskenderun's Batt |       |       |       |     3 ||     3
Invok: Lunge             |       |     2 |     7 |     6 ||    15
       Whirlwind         |       |       |    45 |    11 ||    56
       Serpent's Lash    |       |       |     1 |       ||     1
 Abil: Wall Jump         |       |       |    17 |     3 ||    20
  Use: Scroll            |     2 |     4 |     5 |     1 ||    12
       Potion            |       |     2 |     2 |     2 ||     6
 Stab: Sleeping          |       |     1 |     1 |       ||     2
       Distracted        |       |       |     1 |       ||     1
Armor: Robe              |    10 |     2 |    14 |     8 ||    34
       Skin              |       |       |       |     4 ||     4
Dodge: Dodged            |    35 |    16 |   111 |    61 ||   223
